 Dungeon Crawl Stone Soup version 0.24.0-1-gfbc8707122 (webtiles) character file.

Game seed: 15804605405914606258, levelgen mode: deterministic

6 MisterOstroum the Sneak (level 1, 4/13 HPs)
             Began as a Merfolk Enchanter on Oct 26, 2019.
             Quit the game on level 1 of the Dungeon.
             The game lasted 00:01:01 (350 turns).

MisterOstroum the Sneak (Merfolk Enchanter)          Turns: 350, Time: 00:01:02

Health: 4/13       AC:  2    Str:  8    XL:     1   Next: 90%
Magic:  3/3        EV: 13    Int: 14    God:
Gold:   14         SH:  0    Dex: 14    Spells: 3/4 levels left

rFire    . . .     SeeInvis .   a - +1 dagger
rCold    . . .     Gourm    .   (no shield)
rNeg     . . .     Faith    .   b - +0 robe
rPois    .         Spirit   .   (no helmet)
rElec    .         Reflect  .   (no cloak)
rCorr    .         Harm     .   (no gloves)
MR       .....                  (no boots)
Stlth    ++........             (no amulet)
HPRegen  0.04/turn              (no ring)
MPRegen  0.08/turn              (no ring)

@: no status effects
A: change form in water, swift swim, stealthy swim
a: no special abilities


You were on level 1 of the Dungeon.
You were not hungry.

You visited 1 branch of the dungeon, and saw 1 of its levels.

You collected 14 gold pieces.

Inventory:

Hand Weapons
 a - a +1 dagger (weapon)
Missiles
 d - 25 stones (quivered)
Armour
 b - a +0 robe (worn)
Scrolls
 c - a scroll of enchant armour {unknown}
Comestibles
 e - a ration
 f - a chunk of flesh


   Skills:
 + Level 0.2 Fighting
 - Level 1.4 Short Blades
 - Level 2.8 Dodging
 - Level 3.4 Stealth
 - Level 2.0 Spellcasting
 - Level 3.0 Hexes


You had 3 spell levels left.
You knew the following spells:

 Your Spells              Type           Power        Failure   Level  Hunger
a - Corona                Hex            ##.....      7%          1    ##.....

Your spell library contained the following spells:

 Spells                   Type           Power        Failure   Level  Hunger
 Ensorcelled Hibernation  Hex/Ice        #.....       19%         2    ###....
 Confuse                  Hex            ##......     21%         3    ####...
 Tukima's Dance           Hex            ##......     21%         3    ####...
 Dazzling Spray           Conj/Hex       #.....       36%         3    ####...


Dungeon Overview and Level Annotations

Branches:
Dungeon (1/15)

Altars:


Message History

The goblin misses you.
You hit the goblin.
You kill the goblin!
The bat barely misses you.
You miss the bat. The bat closely misses you.
The bat hits you but does no damage.
You barely miss the bat. The bat closely misses you.
The bat barely misses you. x2
The bat misses you.
You see here a +0 dagger.
You hit the bat.
The bat is heavily wounded.
The bat hits you but does no damage.
You hit the bat.
The bat is heavily wounded.
The bat barely misses you.
You hit the bat.
The bat is severely wounded.
The bat hits you. The bat hits you but does no damage.
You hit the bat.
The bat is severely wounded.
The bat misses you.
You hit the bat.
You kill the bat!
The bat barely misses you.
You closely miss the bat.
The bat is severely wounded.
The bat misses you.
Casting: Corona (safe; 7% risk of failure)
Confirm with . or Enter, or press ? or * to list all spells.
Aiming: Corona (safe; 7% risk of failure)
Press: ? - help, Shift-Dir - straight line, f - bat
Aim: a bat (severely wounded, chance to defeat MR: 63%)
The bat struggles to resist.
The bat hits you.
* * * LOW HITPOINT WARNING * * *
The bat closely misses you.
You miss the bat.
The bat is severely wounded.
The bat completely misses you.
You barely miss the bat.
The bat is severely wounded.
The bat closely misses you. x2
The bat hits you but does no damage.
You are too injured to fight recklessly!
The bat closely misses you.
You hit the bat.
You kill the bat!
You see here a +0 dagger.
You see here a bat corpse.
You butcher the bat corpse.
f - a chunk of flesh You see here a bat skeleton.
You see here a +0 dagger.
There is an open door here.
You close the door.
Magic restored.
All of the chunks of flesh in your inventory have rotted away.
HP restored.
As you open the door, it creaks loudly!
There is an open door here.
You see here a +0 dagger.
A rat comes into view.
A rat is nearby!
Unknown command.
The rat barely misses you.
You barely miss the rat. The rat closely misses you.
You closely miss the rat. The rat barely misses you.
You hit the rat but do no damage. The rat closely misses you.
You hit the rat.
The rat is heavily wounded.
The rat bites you but does no damage.
You hit the rat but do no damage.
The rat is heavily wounded.
The rat closely misses you.
You barely miss the rat.
The rat is heavily wounded.
You hit the rat.
You kill the rat!
No target in view!
No target in view!
No target in view!
You butcher the rat corpse.
f - a chunk of flesh You see here a rat skeleton. x2
Found a dagger.
A kobold comes into view. It is wielding a +0 short sword.
Found 15 gold pieces.
A kobold is nearby!
A kobold is nearby!
No target in view!
A rat comes into view.
The rat bites you.
You closely miss the kobold. The rat bites you. The kobold closely misses you.
You hit the kobold but do no damage. The rat bites you.
The kobold hits you with a +0 short sword.
You are too injured to fight recklessly!
You are too injured to fight recklessly!
You are too injured to fight recklessly!
The rat misses you. The kobold hits you but does no damage. The rat misses you.
The kobold closely misses you.
Are you sure you want to abandon this character and quit the game? (Confirm with "yes".)

... # ........
###........####
..............#####
..............#..K#
.....# #.....#.@.#
)....####.....#..r####
......................K
......................#
......................#
.........##...........#
.........##......$....#
##.......##...........#
#..รท....##...).......#


You could see a kobold and a rat.

Vanquished Creatures
  2 bats (D:1)
  A goblin (D:1)
  A kobold (D:1)
  A rat (D:1)
5 creatures vanquished.

Notes
Turn   | Place    | Note
-------+----------+-------------------------------------------
     0 | D:1      | MisterOstroum the Merfolk Enchanter began the quest for the
                  | Orb.
     0 | D:1      | Reached XP level 1. HP: 13/13 MP: 3/3
   350 | D:1      | Quit the game

Levels and vault maps discovered:
D:1:      dpeg_arrival_rooms_b, layout_basic, minmay_ruptured

Action                   || total
-------------------------++-------
Melee: Dagger            ||    32
 Cast: Corona            ||     5
Armor: Robe              ||    12
Dodge: Dodged            ||    53
